 Dungeon Crawl Stone Soup version 0.24-a0-429-g4608c8fa30 (webtiles) character file.

Game seed: 6336594988055941564

238 Amnesiac the Poker (level 6, -3/44 HPs)
             Began as a Merfolk Skald on June 13, 2019.
             Slain by a worker ant (4 damage)
             ... on level 4 of the Dungeon.
             The game lasted 00:03:37 (926 turns).

Amnesiac the Poker (Merfolk Skald)                   Turns: 926, Time: 00:03:38

Health: -3/44      AC:  6    Str: 11    XL:     6   Next: 7%
Magic:  6/9        EV: 12    Int: 12    God:
Gold:   74         SH:  0    Dex: 16    Spells: 5/9 levels left

rFire    . . .     SeeInvis .   a - +0 spear
rCold    . . .     Gourm    .   (no shield)
rNeg     . . .     Faith    .   b - +0 leather armour
rPois    .         Spirit   .   k - +2 helmet
rElec    .         Reflect  .   (no cloak)
rCorr    .         Harm     .   (no gloves)
MR       .....                  (no boots)
Stlth    +.........             (no amulet)
HPRegen  0.14/turn              (no ring)
MPRegen  0.11/turn              (no ring)

@: no status effects
A: change form in water, swift swim, stealthy swim
a: no special abilities


You were on level 4 of the Dungeon.
You were hungry.

You visited 1 branch of the dungeon, and saw 4 of its levels.

You collected 74 gold pieces.

Inventory:

Hand Weapons
 a - a +0 spear (weapon)
Missiles
 m - 12 poisoned darts (quivered)
Armour
 b - a +0 leather armour (worn)
 k - a +2 helmet (worn)
Scrolls
 c - a scroll of immolation {!r, unknown}
 h - a scroll of identify {!r, unknown}
 n - a scroll of blinking {!r, unknown}
 o - a scroll of magic mapping {!r, unknown}
Potions
 e - a potion of berserk rage {!q, unknown}
 g - 2 potions of brilliance {!q, unknown}
 j - a potion of invisibility {!q}
 l - a potion of agility {!q, unknown}
 p - a potion of flight {!q, unknown}
Comestibles
 d - 2 rations
 f - 4 chunks of flesh


   Skills:
 - Level 2.1 Fighting
 + Level 5.6 Polearms
 - Level 0.6 Armour
 - Level 2.6 Dodging
 - Level 2.0 Spellcasting
 - Level 3.5 Hexes
 - Level 4.5 Charms


You had 5 spell levels left.
You knew the following spells:

 Your Spells              Type           Power        Failure   Level  Hunger
a - Infusion              Chrm           ##..         5%          1    ##.....
e - Spectral Weapon       Hex/Chrm       ##......     21%         3    ####...

Your spell library contained the following spells:

 Spells                   Type           Power        Failure   Level  Hunger
 Song of Slaying          Chrm           ##......     9%          2    ###....
 Shroud of Golubria       Chrm/Tloc      #.....       22%         2    ###....
 Regeneration             Chrm/Necr      #.........   38%         3    ####...


Dungeon Overview and Level Annotations

Branches:
Dungeon (4/15)
 Temple: D:4-7

Altars:


Message History

* * * LOW HITPOINT WARNING * * *
Really quaff
i - a potion of heal wounds {!q}?
You feel much better.
Attack whom?
Press: ? - help, Dir - move target cursor, f/p - iguana
Aim: an iguana You reach to attack!
You hit the iguana but do no damage. The iguana bites your spectral weapon!
Your spectral weapon shares its damage with you!
Your spectral weapon fades away.
Casting: Spectral Weapon (safe; 21% risk of failure)
Confirm with . or Enter, or press ? or * to list all spells.
You draw out your weapon's spirit!
The iguana barely misses you.
The iguana bites your spectral weapon but does no damage.
Attack whom?
Press: ? - help, Dir - move target cursor, f/p - iguana
Aim: an iguana (moderately wounded)
You could not reach far enough!
You are feeling hungry.
Attack whom?
Press: ? - help, Dir - move target cursor, f/p - iguana
Aim: an iguana (moderately wounded)
You reach to attack!
You hit the iguana.
The iguana is severely wounded.
The iguana bites your spectral weapon.
Attack whom?
Press: ? - help, Dir - move target cursor, f/p - iguana
Aim: an iguana (severely wounded)
You could not reach far enough!
You hit the iguana but do no damage.
The iguana is severely wounded.
The iguana barely misses you.
You hit the iguana.
The iguana is almost dead.
The worker ant bites your spectral weapon.
Your spectral weapon shares its damage with you!
The iguana bites you!
* * * LOW HITPOINT WARNING * * *
You hit the iguana.
You kill the iguana!
You have reached level 6!
Your experience leads to an increase in your attributes!
Increase (S)trength, (I)ntelligence, or (D)exterity?
You feel agile.
The worker ant bites your spectral weapon but does no damage.
The worker ant bites you.
* * * LOW HITPOINT WARNING * * *
You closely miss the worker ant. The worker ant barely misses you.
The worker ant bites you!
* * * LOW HITPOINT WARNING * * *
You hit the worker ant but do no damage.
The worker ant completely misses you.
You hit the worker ant but do no damage.
The worker ant is lightly wounded.
The worker ant barely misses you.
You hit the worker ant but do no damage.
The worker ant is lightly wounded.
The worker ant bites you!
* * * LOW HITPOINT WARNING * * *
You hit the worker ant.
The worker ant is moderately wounded.
The worker ant waves its antennae.
The worker ant bites you.
You die...

#......<........#
##.....>..###
#.#.....#######
#..............
.######.###.#.######
........# #.#.#
.######.###.#.#
######.....#a#
#........#@#l#
#.####.###a#.# #.#
#(..# #.# ##### #.#
#.# #.# ..#


You could see a worker ant and a friendly spectral +0 spear.

Vanquished Creatures
  A centaur (D:4)
  A howler monkey (D:4)
  An iguana (D:4)
  2 worker ants (D:4)
  An adder (D:4)
  An ooze (D:2)
  A worm (D:4)
  A dart slug (D:1)
  A leopard gecko (D:2)
  4 orcs (D:4)
  5 bats
  4 goblins
  3 jackals (D:2)
  A ball python (D:4)
  A jackal skeleton (D:4)
  A kobold (D:2)
  2 rats
31 creatures vanquished.

Vanquished Creatures (others)
  A spectral weapon (D:4)
1 creature vanquished.

Grand Total: 32 creatures vanquished

Notes
Turn   | Place    | Note
-------+----------+-------------------------------------------
     0 | D:1      | Amnesiac the Merfolk Skald began the quest for the Orb.
     0 | D:1      | Reached XP level 1. HP: 16/16 MP: 3/3
   129 | D:2      | Reached XP level 2. HP: 17/22 MP: 0/5
   390 | D:3      | Reached XP level 3. HP: 27/27 MP: 0/6
   395 | D:3      | Learned a level 3 spell: Spectral Weapon
   532 | D:4      | Reached skill level 1 in Hexes
   550 | D:4      | Noticed a centaur
   551 | D:4      | HP: 1/27 [centaur/arrow (9)]
   567 | D:4      | Killed a centaur
   567 | D:4      | Reached XP level 4. HP: 16/33 MP: 4/7
   567 | D:4      | Reached XP level 5. HP: 18/38 MP: 4/8
   846 | D:4      | Reached skill level 4 in Polearms
   890 | D:4      | Reached skill level 5 in Polearms
   919 | D:4      | Reached XP level 6. HP: 15/44 MP: 5/9
   924 | D:4      | HP: 1/44 [worker ant (7)]
   926 | D:4      | Slain by a worker ant

Levels and vault maps discovered:
D:1:      lemuel_arrival_rhombus, layout_basic, minmay_octomino_c4
D:2:      layout_basic
D:3:      layout_basic, first_ration, supply_closet_lemuel,
          minmay_misc_feat_encased, lemuel_blue_sif_altar
D:4:      layout_loops_ring

Skill      XL: |  1  2  3  4  5 |
---------------+----------------+-----
Charms         | 4 |  4.5
Hexes          | 3 |  3.5
Polearms       | 5 |  5.6
Fighting       | |  2.1
Armour         | |  0.6
Dodging        | |  2.6
Spellcasting   | |  2.0

Action                   |  1- 3 |  4- 6 || total
-------------------------+-------+-------++-------
Melee: Spear             |    74 |    53 ||   127
 Cast: Infusion          |     7 |       ||     7
       Spectral Weapon   |     2 |     5 ||     7
  Use: Potion            |     2 |     1 ||     3
 Stab: Invisible         |     1 |       ||     1
  Eat: Chunk             |       |     1 ||     1
Armor: Leather armour    |    16 |    13 ||    29
Dodge: Dodged            |    46 |    35 ||    81

Table legend:
 A = Non-vault XP
 B = Vault XP
 C = Vault XP percentage of total XP
 D = Non-vault monster count
 E = Vault monster count
 F = Vault count percentage of total count
                 A         B        C        D         E       F
            +---------+---------+-------+---------+---------+-------
      Total |     341 |       0 |   0.0 |      30 |       0 |   0.0
            +---------+---------+-------+---------+---------+-------
        D:1 |       6 |       0 |   0.0 |       2 |       0 |   0.0
        D:2 |      24 |       0 |   0.0 |      10 |       0 |   0.0
        D:3 |      10 |       0 |   0.0 |       6 |       0 |   0.0
        D:4 |     301 |       0 |   0.0 |      12 |       0 |   0.0
            +---------+---------+-------+---------+---------+-------
